 Dungeon Crawl Stone Soup version 0.18.1-50-g88ac8fd (webtiles) character file.

283 Kurtz the Insei (level 6, -1/47 HPs)
             Began as a Mummy Monk on Aug 7, 2018.
             Slain by a steam dragon (10 damage)
             ... on level 4 of the Dungeon.
             The game lasted 00:03:38 (5351 turns).

Kurtz the Insei (Mummy Monk)                        Turns: 5351, Time: 00:03:39

Health: -1/47      AC:  0    Str: 15    XL:     6   Next: 7%
Magic:  6/6        EV: 13    Int: 10    God:
Gold:   123        SH:  0    Dex: 15    Spells: 0 memorised, 5 levels left

rFire  x . .     SeeInvis .       - Unarmed
rCold  + . .     Gourm    .     (no armour)
rNeg   + + +     Faith    .     (no shield)
rPois  ∞         Spirit   .     (no helmet)
rElec  .         Dismiss  .     (no cloak)
rCorr  .         Reflect  .     (no gloves)
SustAt .         Harm     .     (no boots)
MR     .....                    (no amulet)
Stlth  ++........               (no ring)
                                (no ring)

@: not resistant to hostile enchantments, unstealthy
A: no food or potions, fire vulnerability, cold resistance 1, negative energy
resistance 3, torment resistance, unbreathing
a: no special abilities


You were on level 4 of the Dungeon.
You were not hungry.

You visited 1 branch of the dungeon, and saw 5 of its levels.

You collected 123 gold pieces.

Inventory:

Missiles
 b - 5 large rocks
Wands
 g - a wand of confusion (28/48)
Scrolls
 a - 2 scrolls of fog {unknown}
 c - 3 scrolls of identify {unknown}
 d - a scroll of enchant armour {unknown}
 e - a scroll of random uselessness {unknown}
 f - a scroll of blinking {unknown}


   Skills:
 - Level 3.0 Fighting
 - Level 2.4 Dodging
 - Level 1.5 Stealth
 * Level 6.1 Unarmed Combat


You had 5 spell levels left.
You didn't know any spells.

Dungeon Overview and Level Annotations

Branches:
Dungeon (5/15)
 Temple: D:4-7

Altars:
Ashenzari
Vehumet
Xom
Yredelemnul

Annotations:
D:2 1 runed door, exclusion: door
D:4 Grinder


Innate Abilities, Weirdness & Mutations

You do not eat or drink.
Your flesh is vulnerable to fire.
You are immune to poison.
Your flesh is cold resistant.
You are immune to negative energy.
You are immune to unholy pain and torment.
You can survive without breathing.


Message History

You hit the howler monkey skeleton.
You destroy the howler monkey skeleton!
The giant gecko closely misses you. The steam dragon breathes steam at you.
The ball of steam hits you! The steam scalds you terribly!
You barely miss the giant gecko. Your punch misses the giant gecko.
The giant gecko is engulfed in a cloud of scalding steam.
The giant gecko dies!
You barely miss the steam dragon. The steam dragon bites you.
* * * LOW HITPOINT WARNING * * *
The steam dragon claws you.
* * * LOW HITPOINT WARNING * * *
You are too injured to fight recklessly!
You are too injured to fight recklessly!
Unknown command.
There is a stone staircase leading up here.
You hit the steam dragon.
The steam dragon is lightly wounded.
The steam dragon bites you!
You die...

....## ##### ##.# ......#
##...## #... .......##
##.....## ##... ........###
#.......# #....
..........###.......###.##.
#..........##........##.##.
####.........#.........####
#.....D.............# #
#......@............#
##...#####..###....## #####
#### ######


You could see a steam dragon.

Vanquished Creatures
  A scorpion (D:4)
  A giant frog skeleton (D:4)
  An orc wizard (D:5)
  A worker ant (D:5)
  A howler monkey skeleton (D:4)
  7 adders
  An adder skeleton (D:4)
  2 worms
  4 dart slugs
  A giant gecko (D:3)
  6 orcs
  4 bats (D:1)
  6 giant cockroaches
  5 goblins (D:1)
  6 hobgoblins
  2 quokkas
  2 ball python skeletons (D:4)
  A giant newt (D:2)
  9 kobolds
  10 rats
71 creatures vanquished.

Vanquished Creatures (others)
  A giant gecko (D:4)
1 creature vanquished.

Grand Total: 72 creatures vanquished

Notes
Turn   | Place    | Note
--------------------------------------------------------------
     0 | D:1      | Kurtz the Mummy Monk began the quest for the Orb.
     0 | D:1      | Reached XP level 1. HP: 18/18 MP: 1/1
   172 | D:1      | Found a shimmering altar of Xom.
   192 | D:1      | Reached XP level 2. HP: 22/24 MP: 2/2
   270 | D:1      | HP: 1/24 [bat (1)]
   682 | D:1      | Reached skill level 4 in Unarmed Combat
  1556 | D:1      | Reached XP level 3. HP: 25/29 MP: 3/3
  2109 | D:2      | Found a radiant altar of Vehumet.
  2118 | D:2      | Found a runed door.
  2118 | D:2      | Noticed a human
  2125 | D:2      | Found a basalt altar of Yredelemnul.
  2635 | D:2      | Reached XP level 4. HP: 25/35 MP: 4/4
  3381 | D:3      | Reached skill level 5 in Unarmed Combat
  3822 | D:4      | Noticed Grinder
  3828 | D:4      | Noticed an ogre
  3843 | D:5      | Entered Level 5 of the Dungeon
  4024 | D:5      | Found a shattered altar of Ashenzari.
  4117 | D:5      | Reached XP level 5. HP: 23/41 MP: 5/5
  5109 | D:4      | Reached skill level 6 in Unarmed Combat
  5109 | D:4      | Reached XP level 6. HP: 29/47 MP: 6/6
  5339 | D:4      | Noticed a steam dragon
  5351 | D:4      | Slain by a steam dragon

Skill      XL: |  1  2  3  4  5 |
---------------+----------------+-----
Unarmed Combat | 4 5 6 |  6.1
Fighting       | |  3.0
Dodging        | |  2.4
Stealth        | |  1.5

Action                   |  1- 3 |  4- 6 || total
-------------------------+-------+-------++-------
Melee: Unarmed           |   133 |   142 ||   275
       Punch             |     3 |     6 ||     9
 Stab: Sleeping          |     7 |     5 ||    12
Dodge: Dodged            |    77 |    80 ||   157
